 Dungeon Crawl Stone Soup version 0.29-a0-997-gf6f7e2dfe7 (webtiles) character file.

Game seed: 16580291569139217699

6447 xian the Protected (level 10, -10/88 HPs)
             Began as a Minotaur Fighter on Aug 5, 2022.
             Was a Follower of Wu Jian.
             Mangled by a chaos spawn (13 damage)
             ... summoned by a kobold demonologist
             ... on level 9 of the Dungeon.
             The game lasted 00:26:31 (10897 turns).

xian the Protected (Minotaur Fighter)              Turns: 10897, Time: 00:26:31

Health: -10/88     AC: 20    Str: 24    XL:     10   Next: 67%
Magic:  9/9        EV:  9    Int:  5    God:    Wu Jian [*.....]
Gold:   1793       SH: 11    Dex: 11    Spells: 9/9 levels left

rFire   . . .      SeeInvis .   l - +6 dagger (venom)
rCold   . . .      Faith    .   c - +0 buckler
rNeg    . . .      Spirit   .   y - +5 chain mail
rPois   +          Reflect  +   (helmet restricted)
rElec   .          Harm     .   z - +2 cloak {Will+}
rCorr   .          Rampage  .   (no gloves)
Will    +....                   (no boots)
Stlth   ..........              v - amulet of reflection
HPRegen 0.24/turn               t - ring of poison resistance
MPRegen 0.11/turn               (no ring)

@: mighty, about to teleport
A: horns 2, retaliatory headbutt
a: Renounce Religion


You were on level 9 of the Dungeon.
You worshipped Wu Jian.
Wu Jian was aware of your devotion.
You visited 1 branch of the dungeon, and saw 9 of its levels.

You collected 1793 gold pieces.

Inventory:

Hand Weapons
 l - a +6 dagger of venom (weapon)
Missiles
 q - 3 boomerangs
 x - 5 javelins (quivered)
 F - 16 poisoned darts
Armour
 c - a +0 buckler (worn)
 y - a +5 chain mail (worn)
 z - a +2 cloak of willpower (worn)
Jewellery
 t - a ring of poison resistance (left hand)
 v - an amulet of reflection (around neck)
 E - a ring of wizardry
Wands
 f - a wand of flame (17)
 p - a wand of mindburst (16)
 A - a wand of digging (1)
 C - a wand of iceblast (8)
Scrolls
 a - 2 scrolls of poison
 d - a scroll of blinking
 e - 3 scrolls of fog
 n - 4 scrolls of teleportation
 u - a scroll of enchant weapon
Potions
 b - 2 potions of invisibility {unknown}
 g - a potion of resistance {unknown}
 h - 4 potions of flight
 i - 2 potions of heal wounds {unknown}
 j - a potion of magic {unknown}
 k - 2 potions of ambrosia {unknown}
 m - 2 potions of berserk rage {unknown}
 o - 2 potions of degeneration {unknown}
 r - a potion of haste {unknown}
 s - 2 potions of might
 w - 3 potions of attraction {unknown}
 B - 2 potions of brilliance {unknown}
 D - 2 potions of curing


   Skills:
 + Level 8.2 Fighting
 + Level 8.6 Short Blades
 + Level 5.0 Maces & Flails
 + Level 1.6 Throwing
 + Level 11.8 Armour
 + Level 2.9 Dodging
 + Level 1.3 Stealth
 + Level 8.9 Shields


You had 9 spell levels left.
You didn't know any spells.
Your spell library contained the following spells:

 Spells                   Type           Power      Damage    Failure   Level
 Shock                    Conj/Air       0%         1d3       97%         1
 Sting                    Tmut/Pois      0%         1d3       97%         1
 Ensorcelled Hibernation  Hex/Ice        0%         N/A       99%         2
 Passwall                 Tmut/Erth      0%         N/A       99%         2
 Poisonous Vapours        Pois/Air       0%         N/A       99%         2
 Static Discharge         Conj/Air       0%         3-3/arc   99%         2
 Dazzling Flash           Conj/Hex       0%         N/A       100%        3
 Swiftness                Air            0%         N/A       100%        3
 Airstrike                Air            0%         2d(0-16)  100%        4
 Dispel Undead            Necr           0%         3d6       100%        4
 Iskenderun's Mystic Bla  Conj/Tloc      0%         2d3       100%        4
 Olgreb's Toxic Radiance  Pois           0%         N/A       100%        4
 Passage of Golubria      Tloc           0%         N/A       100%        4
 Sticky Flame             Conj/Fire      0%         2d3       100%        4
 Agony                    Necr           0%         N/A       100%        5
 Silence                  Hex/Air        0%         N/A       100%        5
 Starburst                Conj/Fire      0%         6d3       100%        6
 Lehudib's Crystal Spear  Conj/Erth      0%         10d2      100%        8


Dungeon Overview and Level Annotations

Branches:
Dungeon (9/15)             Temple (0/1) D:7
   Lair: D:8-11         Orc: D:9-12

Altars:
Gozag
Kikubaaqudgha
Makhleb
Nemelex Xobeh
Okawaru
Qazlal
Ru
Vehumet
Wu Jian
Xom
Yredelemnul
Zin

Annotations:
D:9 avis's ghost, novice DgIE


Innate Abilities, Weirdness & Mutations

You have a pair of horns on your head.
You reflexively headbutt those who attack you in melee.


Message History

Avis's ghost is moderately damaged.
Avis's ghost lets out a mournful wail.
Avis's ghost hits you. The smoke demon closely misses you.
You furiously retaliate!
You headbutt the smoke demon! You block the smoke demon's attack.
The smoke demon barely misses you.
The shadow imp sputters.
The shadow imp gestures at you.
You easily resist.
You barely miss avis's ghost. Your headbutt misses avis's ghost.
Avis's ghost is moderately damaged.
Avis's ghost hits you but does no damage.
The kobold demonologist gestures wildly while chanting.
The smoke demon gestures at you.
The ball of steam hits you but does no damage.
You hit avis's ghost.
Avis's ghost is heavily damaged.
You are engulfed in a cloud of scalding steam.
You block the shadow imp's attack.
Unknown command.
Unknown command.
You puncture avis's ghost! You headbutt avis's ghost!
Avis's ghost is severely damaged.
You are engulfed in a cloud of scalding steam.
Avis's ghost freezes you.
You are frozen!!
* * * LOW HITPOINT WARNING * * *
You block the kobold demonologist's attack.
The smoke demon gestures at you.
The sticky flame reflects off an invisible shield around you!
The sticky flame hits the smoke demon.
The smoke demon resists.
The shadow imp hits you but does no damage.
As you read the scroll of teleportation, it crumbles to dust.
You feel strangely unstable. Avis's ghost freezes you.
You are frozen!!
* * * LOW HITPOINT WARNING * * *
The kobold demonologist is engulfed in a cloud of scalding steam.
The kobold demonologist barely misses you.
The chaos spawn hits you!
You die...

#...#..#..#..'..._..
#...#).#..#. #......
#...#..#..#.##......
#...#..#..#..##..)).
#.........###.###)##
##..#...........)...
######.5#####.###..#....
......3K5......##....#..
#####....@4.......#.......
#...###''W###.#..##....#..
#.###.♣....(#.#...#....#.#
#.###....(..#..........#.#
#...#..(....#.............
#..##.....((#.#..).###.#.#
#..##.(.(...#............#
#..############.##...#.###
#..# #..#.##...........


You could see a kobold demonologist, a smoke demon (summoned), a chaos spawn
(summoned), an iron imp (summoned), avis's ghost and a shadow imp (summoned).

Vanquished Creatures
  2 two-headed ogres
  Maurice (D:8)
  Psyche (D:9)
  2 kobold demonologists (D:7)
  A hornet (D:9)
  Sigmund (D:6)
  A wyvern (D:9)
  2 humans (D:8)
  A steam dragon (D:9)
  A water moccasin (D:6)
  2 ice beasts
  A black bear (D:4)
  4 ogres
  3 orc warriors
  A centaur (D:6)
  A phantom (D:5)
  3 kobold brigands
  2 bullfrogs
  3 scorpions
  7 killer bees
  4 crimson imps (D:4)
  5 howler monkeys
  4 hounds
  4 jellies
  4 orc priests
  2 gnoll boudas (D:8)
  3 iguanas
  6 orc wizards
  12 gnolls
  5 adders
  A shadow imp (D:5)
  2 white imps
  An ufetubus (D:5)
  4 worms
  A dart slug (D:5)
  20 orcs
  3 bats
  8 endoplasms
  2 giant cockroaches (D:1)
  9 goblins
  4 hobgoblins
  11 jackals
  22 kobolds
  A quokka (D:1)
  3 ball pythons
  2 frilled lizards (D:1)
  7 rats
190 creatures vanquished.

Notes
Turn   | Place    | Note
-------+----------+-------------------------------------------
     0 | D:1      | xian the Minotaur Fighter began the quest for the Orb.
     0 | D:1      | Reached XP level 1. HP: 19/19 MP: 0/0
    82 | D:1      | Found a faded altar of an unknown god.
   176 | D:1      | Reached XP level 2. HP: 19/27 MP: 1/1
   980 | D:1      | Reached skill level 4 in Armour
  1330 | D:1      | Reached XP level 3. HP: 33/33 MP: 2/2
  2591 | D:3      | Reached XP level 4. HP: 39/40 MP: 3/3
  3097 | D:3      | Found a sparkling altar of Nemelex Xobeh.
  3155 | D:4      | Noticed an ogre
  3162 | D:4      | Killed an ogre
  3163 | D:4      | Reached XP level 5. HP: 40/46 MP: 4/4
  3227 | D:4      | Noticed a black bear
  3238 | D:4      | Killed a black bear
  3239 | D:4      | Reached skill level 1 in Short Blades
  3239 | D:4      | Reached skill level 5 in Armour
  3239 | D:4      | Reached skill level 1 in Dodging
  3254 | D:4      | Reached XP level 6. HP: 26/53 MP: 5/5
  3514 | D:4      | Found an ancient bone altar of Kikubaaqudgha.
  3536 | D:4      | Reached skill level 6 in Armour
  3774 | D:4      | Found a burning altar of Makhleb.
  3780 | D:4      | Found a glowing silver altar of Zin.
  3780 | D:4      | Noticed an angel
  3781 | D:4      | Noticed a blizzard demon
  3825 | D:4      | Reached skill level 5 in Maces & Flails
  3944 | D:4      | Found a shimmering altar of Xom.
  3966 | D:4      | Reached XP level 7. HP: 47/60 MP: 6/6
  4334 | D:4      | Reached skill level 5 in Fighting
  4450 | D:5      | Entered Level 5 of the Dungeon
  4623 | D:5      | Reached skill level 5 in Shields
  4650 | D:5      | Reached skill level 7 in Armour
  5027 | D:5      | Reached XP level 8. HP: 38/69 MP: 7/7
  5237 | D:6      | Reached skill level 8 in Armour
  5652 | D:6      | Reached skill level 5 in Short Blades
  6142 | D:6      | Found a stormy altar of Qazlal.
  6237 | D:6      | Found a basalt altar of Yredelemnul.
  6246 | D:6      | Noticed Sigmund
  6256 | D:6      | Killed Sigmund
  6380 | D:6      | Reached skill level 9 in Armour
  6672 | D:6      | Found a sacrificial altar of Ru.
  6672 | D:6      | Found an ornate altar of the Wu Jian Council.
  6730 | D:6      | Found an opulent altar of Gozag.
  6787 | D:6      | Became a worshipper of the Wu Jian Council
  7398 | D:7      | Reached XP level 9. HP: 78/78 MP: 8/8
  7491 | D:7      | Found a staircase to the Ecumenical Temple.
  7573 | D:7      | Identified a scroll of acquirement
  7573 | D:7      | Acquired 1354 gold pieces
  8020 | D:7      | Reached skill level 10 in Armour
  8326 | D:7      | Noticed a kobold demonologist
  8326 | D:7      | Noticed a kobold demonologist
  8368 | D:7      | Noticed an orange demon
  8373 | D:7      | Noticed an orange demon
  8374 | D:7      | Killed a kobold demonologist
  8383 | D:7      | Killed a kobold demonologist
  8779 | D:8      | Reached * piety under Wu Jian
  8842 | D:8      | Noticed a two-headed ogre
  8850 | D:8      | Killed a two-headed ogre
  9137 | D:8      | Reached XP level 10. HP: 79/88 MP: 9/9
  9188 | D:8      | Noticed Maurice
  9220 | D:8      | Killed Maurice
  9221 | D:8      | Reached skill level 1 in Throwing
  9221 | D:8      | Reached skill level 11 in Armour
  9603 | D:8      | Found an iron altar of Okawaru.
  9934 | D:9      | Reached skill level 1 in Stealth
 10568 | D:9      | Noticed Psyche
 10582 | D:9      | Killed Psyche
 10607 | D:9      | Found a radiant altar of Vehumet.
 10621 | D:9      | Noticed a two-headed ogre
 10639 | D:9      | Killed a two-headed ogre
 10868 | D:9      | Found a runed translucent gate.
 10868 | D:9      | Found a runed translucent gate.
 10868 | D:9      | Found a runed translucent gate.
 10878 | D:9      | Noticed avis's ghost (novice DgIE)
 10892 | D:9      | Noticed a smoke demon
 10897 | D:9      | HP: 3/88 [frozen (18)]
 10897 | D:9      | Mangled by a chaos spawn

Illustrated notes

Levels and vault maps discovered:
D:1:      amcnicky_arrival_blooded_trapdoor, layout_basic, serial_forest,
          infiniplex_forest_clump_long, infiniplex_forest_lined_3,
          infiniplex_forest_end_2, infiniplex_forest_lined_2,
          basic_ecumenical_altar, minmay_quantized
D:2:      layout_basic
D:3:      layout_loops_ring, nemelex_diamond_rough_becter,
          chequers_serial_rivers_room_a
D:4:      layout_basic, grunt_temple_overflow_order_and_chaos_2,
          mainiacjoe_overflow_paths, led_xom_imps, kennysheep_cluttered_room
D:5:      layout_loops_cross
D:6:      layout_basic, mainiacjoe_overflow_alcove_2, overflow_temple_1_default,
          mainiacjoe_overflow_alcove_4, nicolae_overflow_two_pavilions,
          grunt_ministairs_5, uniq_sigmund
D:7:      layout_basic, minmay_temple_entry_crystal_x, dreamdust_gnoll_farm
D:8:      layout_gridville, okawaru_humans, nicolae_elevator_lobby_plus,
          uniq_maurice
D:9:      layout_basic, nicolae_vehumet_altar_sigil, ebering_ghost_rock_garden,
          minmay_fractal_squares_gapless_5, uniq_psyche

Skill      XL: |  1  2  3  4  5  6  7  8  9 10 |
---------------+-------------------------------+-----
Fighting       | 4 5 6 7 8 |  8.2
Armour         | 4 5 6 7 9 10 11 | 11.8
Maces & Flails | 3 4 5 |  5.0
Shields        | 4 5 7 8 |  8.9
Short Blades   | 2 4 5 7 8 |  8.6
Dodging        | 1 2 |  2.9
Throwing       | 1 |  1.6
Stealth        | 1 |  1.3

Action                   |  1- 3 |  4- 6 |  7- 9 | 10-12 || total
-------------------------+-------+-------+-------+-------++-------
Melee: Flail             |    94 |       |       |       ||    94
       Headbutt          |    12 |    12 |    64 |    42 ||   130
       Dagger            |     9 |    82 |   347 |   185 ||   623
Throw: Boomerang         |       |       |     2 |       ||     2
       Javelin           |       |       |     7 |       ||     7
Invok: Lunge             |       |       |    10 |    12 ||    22
       Whirlwind         |       |       |     2 |    13 ||    15
  Use: Scroll            |     2 |     3 |     7 |     3 ||    15
       Potion            |       |     1 |     1 |     1 ||     3
 Stab: Invisible         |       |       |       |     1 ||     1
Armor: Scale mail        |    33 |       |       |       ||    33
       Chain mail        |    11 |    31 |    15 |    43 ||   100
       Plate armour      |       |    14 |   140 |       ||   154
Dodge: Dodged            |    52 |    24 |    89 |    26 ||   191
Block: Buckler           |    25 |    16 |   120 |    54 ||   215
       Reflection        |       |       |     4 |     3 ||     7

Table legend: (Time is in decaauts)
 A = Elapsed time spent in this place.
 B = Non-inter-level travel time spent in this place.
 C = Inter-level travel time spent in this place.
 D = Time resting spent in this place.
 E = Time spent auto-exploring this place.
 F = Levels seen in this place.
 G = Mean time per level.
                   A        B        C        D        E       F      G
               +--------+--------+--------+--------+--------+-----+--------+
         Total |  10787 |  10459 |    328 |      0 |   8397 |   9 | 1198.6 |
       Dungeon |  10787 |  10459 |    328 |      0 |   8397 |   9 | 1198.6 |
               +--------+--------+--------+--------+--------+-----+--------+

Top non-repeatable levels by time:
     D:6: 1875 daAuts
     D:1: 1717 daAuts
     D:7: 1576 daAuts
     D:4: 1285 daAuts
     D:9: 1051 daAuts
     D:8: 1023 daAuts
     D:5: 798 daAuts
     D:3: 748 daAuts
     D:2: 711 daAuts
